 Dungeon Crawl Stone Soup version 0.28-a0-769-g550dbda0cd (webtiles) character file.

Game seed: 16926613439868112682

1376 jasper the Cleaver (level 8, -1/65 HPs)
             Began as a Demonspawn Cinder Acolyte on Oct 31, 2021.
             Was an Initiate of Ignis.
             Slain by Joseph (11 damage)
             ... on level 7 of the Dungeon.
             The game lasted 00:08:55 (7216 turns).

jasper the Cleaver (Demonspawn Cinder Acolyte)      Turns: 7216, Time: 00:08:56

Health: -1/65      AC: 11    Str: 17    XL:     8   Next: 39%
Magic:  9/9        EV: 10    Int: 16    God:    Ignis [......]
Gold:   216        SH:  0    Dex:  8    Spells: 9/9 levels left

rFire   + . .      SeeInvis .   a - +0 hand axe (flame)
rCold   . . .      Faith    .   (no shield)
rNeg    . . .      Spirit   .   n - +3 ring mail {Will+}
rPois   .          Reflect  .   h - +0 helmet
rElec   .          Harm     .   (no cloak)
rCorr   .          Rampage  .   (no gloves)
Will    +....                   (boots unavailable)
Stlth   ..........              (no amulet)
HPRegen 0.20/turn               (no ring)
MPRegen 0.11/turn               (no ring)

@: no status effects
A: hooves 3, molten scales 1
a: Renounce Religion


You were on level 7 of the Dungeon.
You worshipped Ignis.
Ignis was noncommittal.
You visited 1 branch of the dungeon, and saw 7 of its levels.

You collected 216 gold pieces.

Inventory:

Hand Weapons
 a - a +0 hand axe of flaming (weapon)
 c - a +0 war axe
Missiles
 e - 178 stones (quivered)
 j - 26 poisoned darts
Armour
 b - a +0 robe
 d - a +1 leather armour
 h - a +0 helmet (worn)
 i - a +0 chain mail
 m - a +0 ring mail
 n - a +3 ring mail of willpower (worn)
Wands
 r - a wand of charming (4)
Scrolls
 k - a scroll of enchant weapon
 l - 2 scrolls of identify
 p - a scroll of fog
Potions
 f - 2 potions of attraction
 g - a potion of ambrosia
 o - a potion of curing


   Skills:
 + Level 6.6 Fighting
 * Level 8.2 Axes
 - Level 1.0 Spellcasting
 - Level 2.6 Fire Magic


You had 9 spell levels left.
You didn't know any spells.
Your spell library contained the following spells:

 Spells                   Type           Power      Damage    Failure   Level
 Scorch                   Fire           18%        2d6       22%         2
 Magic Dart               Conj           0%         1d3       38%         1
 Call Imp                 Summ           0%         N/A       54%         2
 Corpse Rot               Necr/Air       0%         N/A       54%         2
 Poisonous Vapours        Pois/Air       0%         N/A       54%         2
 Mephitic Cloud           Conj/Pois/Air  0%         N/A       77%         3


Dungeon Overview and Level Annotations

Branches:
Dungeon (7/15)
 Temple: D:4-7

Altars:
Ashenzari
Kikubaaqudgha
Okawaru
Sif Muna
Uskayaw
Vehumet
The Shining One

Annotations:
D:3 1 runed translucent door, Crazy Yiuf
D:6 Edmund
D:7 Joseph


Innate Abilities, Weirdness & Mutations

You have hooves in place of feet.
You are partially covered in molten scales. (AC +2)


Message History

You close the door.
You start resting.
Joseph is nearby!
Aiming: Corrosive Bolt
Press: ? - help, Shift-Dir - straight line, f - Joseph
Aim: Joseph, wielding a +0 hunting sling, wearing a +2 leather armour of poison resistance and quivering sling bullets (71% to hit)
The bolt of acid hits Joseph!
Joseph is lightly wounded.
Joseph shoots a sling bullet.
The sling bullet hits you but does no damage.
Aiming: Corrosive Bolt
Press: ? - help, Shift-Dir - straight line, f/p - Joseph
Aim: Joseph, wielding a +0 hunting sling, wearing a +2 leather armour of poison resistance and quivering sling bullets (lightly wounded, 71% to hit)
The bolt of acid hits Joseph.
Joseph is moderately wounded.
Joseph shoots a sling bullet.
The sling bullet closely misses you.
Aiming: Corrosive Bolt
Press: ? - help, Shift-Dir - straight line, f/p - Joseph
Aim: Joseph, wielding a +0 hunting sling, wearing a +2 leather armour of poison resistance and quivering sling bullets (moderately wounded, 71% to hit)
The bolt of acid hits Joseph!
The acid corrodes Joseph!
Joseph is heavily wounded.
The now-empty wand crumbles to dust.
Joseph shoots a sling bullet.
The sling bullet hits you!
You take 13 damage, and have 47/65 hp.
Okay, then.
Joseph shoots a sling bullet.
The sling bullet hits you!
You take 16 damage, and have 31/65 hp.
MASSIVE DAMAGE!!
Joseph unwields a +0 hunting sling.
Joseph wields a +1 quarterstaff of pain.
Joseph hits you with a +1 quarterstaff of pain!
You take 8 damage, and have 23/65 hp.
You barely miss Joseph. Your kick misses Joseph.
Joseph is heavily wounded.
Joseph hits you with a +1 quarterstaff of pain!
* * * LOW HITPOINT WARNING * * *
You take 13 damage, and have 10/65 hp.
You hit Joseph. You burn Joseph. Your kick misses Joseph.
Joseph is heavily wounded.
Joseph hits you with a +1 quarterstaff of pain!
You die...

###### #....#####
#....'...## #....'#...#
#.........# #.........#
########......#+##
.............@#)..
..............@......
......................
##########......#......#
...............##......#
................#
.......
................# .....
................## .....
...................


You could see Joseph (corroded).

Vanquished Creatures
  Grinder (D:3)
  A wyvern (D:6)
  A necrophage (D:7)
  An ogre (D:6)
  A bullfrog (D:5)
  A scorpion (D:6)
  5 killer bees
  A bullfrog zombie (D:7)
  2 jellies
  4 orc priests
  Jessica (D:3)
  Terence (D:3)
  Natasha (thrice) (D:2)
  2 orc wizards (D:6)
  A killer bee zombie (D:6)
  Robin (D:2)
  An adder (D:3)
  2 shadow imps
  2 worms (D:2)
  6 orcs
  3 bats
  An endoplasm (D:2)
  A giant cockroach (D:4)
  12 goblins
  9 hobgoblins
  3 kobolds
  5 quokkas
  5 ball pythons
  3 frilled lizards
  3 rats (D:1)
83 creatures vanquished.

Vanquished Creatures (others)
  140 foxfires
  3 fungi (D:3)
143 creatures vanquished.

Grand Total: 226 creatures vanquished

Notes
Turn   | Place    | Note
-------+----------+-------------------------------------------
     0 | D:1      | jasper the Demonspawn Cinder Acolyte began the quest for
                  | the Orb.
     0 | D:1      | Reached XP level 1. HP: 18/18 MP: 2/2
     6 | D:1      | Noticed a black bear
     6 | D:1      | Noticed a komodo dragon
     7 | D:1      | Noticed a wyvern
     7 | D:1      | Noticed an anaconda
    59 | D:1      | Found a faded altar of an unknown god.
   223 | D:1      | Reached skill level 3 in Axes
   312 | D:1      | Gained mutation: You are partially covered in molten
                  | scales. (AC +2) [demonic ancestry]
   312 | D:1      | Reached XP level 2. HP: 22/24 MP: 3/3
  1527 | D:2      | Noticed Robin
  1566 | D:2      | Killed Robin
  1567 | D:2      | Reached XP level 3. HP: 22/29 MP: 4/4
  1820 | D:2      | Noticed Natasha
  1822 | D:2      | Killed Natasha
  1823 | D:2      | Reached skill level 4 in Axes
  1823 | D:2      | Gained mutation: You have large cloven feet. [demonic
                  | ancestry]
  1823 | D:2      | Reached XP level 4. HP: 37/37 MP: 5/5
  1961 | D:2      | Noticed Natasha
  1972 | D:2      | Killed Natasha
  2396 | D:2      | You fall into a shaft and drop 1 floor!
  2415 | D:2      | Noticed Natasha
  2427 | D:2      | Killed Natasha
  3241 | D:3      | Reached XP level 5. HP: 24/42 MP: 6/6
  3444 | D:3      | Noticed Terence
  3446 | D:3      | Found an ancient bone altar of Kikubaaqudgha.
  3449 | D:3      | Reached skill level 5 in Axes
  3452 | D:3      | Killed Terence
  3492 | D:3      | Noticed Grinder
  3495 | D:3      | Killed Grinder
  3496 | D:3      | Gained mutation: You have hoof-like feet. [demonic
                  | ancestry]
  3496 | D:3      | Reached XP level 6. HP: 50/50 MP: 7/7
  3802 | D:3      | Noticed Jessica
  3811 | D:3      | Killed Jessica
  3812 | D:3      | Reached skill level 5 in Fighting
  3812 | D:3      | Reached skill level 6 in Axes
  4058 | D:3      | Found a runed translucent door.
  4059 | D:3      | Noticed Crazy Yiuf
  4663 | D:3      | Gained mutation: You have hooves in place of feet. [demonic
                  | ancestry]
  4663 | D:3      | Reached XP level 7. HP: 33/56 MP: 8/8
  5290 | D:4      | Found a broken altar of Ashenzari.
  5292 | D:4      | Found a hide-covered altar of Uskayaw.
  5296 | D:4      | Found a shimmering blue altar of Sif Muna.
  5298 | D:4      | Found an iron altar of Okawaru.
  5301 | D:4      | Found a radiant altar of Vehumet.
  5772 | D:5      | Entered Level 5 of the Dungeon
  6192 | D:6      | Reached skill level 7 in Axes
  6339 | D:6      | Noticed a wyvern
  6514 | D:6      | Killed a wyvern
  6515 | D:6      | Reached XP level 8. HP: 37/64 MP: 9/9
  7010 | D:6      | Reached skill level 8 in Axes
  7033 | D:6      | Noticed Edmund
  7203 | D:7      | Noticed Joseph
  7216 | D:7      | Slain by Joseph

Illustrated notes

Levels and vault maps discovered:
D:1:      onia_arrival_zoo_common, layout_loops_ring,
          hellmonk_ecumenical_altar_zigzags
D:2:      layout_loops_cross, uniq_natasha, uniq_robin
D:3:      layout_basic, mainiacjoe_overflow_boulevard, uniq_crazy_yiuf_cottage,
          uniq_jessica, uniq_grinder, uniq_terence
D:4:      layout_loops_ring, minitemple
D:5:      layout_layer_cave, minmay_temple_entry_large_hall, serial_glass,
          glass_columns_a, glass_columns_a
D:6:      layout_loops_ring, uniq_pikel, uniq_eustachio, uniq_edmund
D:7:      layout_basic, ebering_ghost_reflecting_pool, uniq_joseph

Skill      XL: |  1  2  3  4  5  6  7  8 |
---------------+-------------------------+-----
Axes           | 3 4 5 6 7 8 |  8.2
Fighting       | 4 5 6 |  6.6
Spellcasting   | |  1.0
Fire Magic     | |  2.6

Action                   |  1- 3 |  4- 6 |  7- 9 || total
-------------------------+-------+-------+-------++-------
Melee: Hand axe          |    79 |    91 |   128 ||   298
       Kick              |       |    17 |    25 ||    42
Throw: Stone             |    27 |    10 |    16 ||    53
       Dart              |       |       |     4 ||     4
Invok: Foxfire Swarm     |     2 |     7 |     2 ||    11
Evoke: Wand              |       |       |     3 ||     3
  Use: Scroll            |     3 |     5 |     5 ||    13
       Potion            |       |     2 |     1 ||     3
Armor: Leather armour    |    22 |    14 |       ||    36
       Ring mail         |       |    25 |    53 ||    78
Dodge: Dodged            |    40 |    46 |    68 ||   154

Table legend: (Time is in decaauts)
 A = Elapsed time spent in this place.
 B = Non-inter-level travel time spent in this place.
 C = Inter-level travel time spent in this place.
 D = Time resting spent in this place.
 E = Time spent auto-exploring this place.
 F = Levels seen in this place.
 G = Mean time per level.
                   A        B        C        D        E       F      G
               +--------+--------+--------+--------+--------+-----+--------+
         Total |   7244 |   6901 |    343 |   3068 |   2799 |   7 | 1034.9 |
       Dungeon |   7244 |   6901 |    343 |   3068 |   2799 |   7 | 1034.9 |
               +--------+--------+--------+--------+--------+-----+--------+

Top non-repeatable levels by time:
     D:2: 2160 daAuts
     D:3: 1527 daAuts
     D:4: 1286 daAuts
     D:1: 987 daAuts
     D:6: 867 daAuts
     D:5: 242 daAuts
     D:7: 171 daAuts
